 Dungeon Crawl Stone Soup version 0.31.0-11-ge490571c62 (webtiles) character file.

Game seed: 7569210244051427719

16 Gadfly the Ruffian (level 2, -1/21 HPs)
             Began as a Demonspawn Shapeshifter on Jan 26, 2024.
             Slain by a gnoll
             ... wielding a +0 club
              (4 damage)
             ... on level 1 of the Dungeon.
             The game lasted 00:00:56 (838 turns).

Gadfly the Ruffian (Demonspawn Shapeshifter)         Turns: 838, Time: 00:00:57

Health: -1/21      AC:  3    Str: 14    XL:     2   Next: 37%
Magic:  2/2        EV: 12    Int: 10    God:
Gold:   60         SH:  0    Dex: 12    Spells: 1/1 levels left

rFire   . .          .
                       - Unarmed
rCold   . . .        (no shield)
rNeg    . . .        a - +1 animal skin
rPois   .            (helmet currently unavailable)
rElec   .            (cloak currently unavailable)
rCorr   +            (gloves currently unavailable)
SInv    .            (boots currently unavailable)
Will    .....        (no amulet)
Stlth   +            f - ring of resist corrosion
HPRegen 0.23/turn    (no ring)
MPRegen 0.08/turn

%: no passive effects
@: beast-form
A: beast (slay +1), weakness stinger 1
a: Begin Untransformation


You were on level 1 of the Dungeon.
You were a hulking beast.
You visited 1 branch of the dungeon, and saw 2 of its levels.

You collected 60 gold pieces.

Inventory:

Armour
 a - a +1 animal skin (worn)
Jewellery
 f - a ring of resist corrosion (left hand)
Talismans
 c - a beast talisman
 d - a flux talisman
Scrolls
 e - 2 scrolls of teleportation
 i - a scroll of immolation {unknown}
Potions
 b - a potion of lignification
 g - 3 potions of curing {unknown}
 h - a potion of degeneration {unknown}


   Skills:
 + Level 1.3 Fighting
 * Level 2.1 Dodging
 + Level 2.8 Unarmed Combat
 * Level 0.7 Evocations
 + Level 2.8 Shapeshifting


You had one spell level left.
You didn't know any spells.
Your spell library was empty.

Dungeon Overview and Level Annotations

Branches:
Dungeon (2/15)

Altars:


Innate Abilities, Weirdness & Mutations

You are a hulking beast.
Your limbs bulge with bestial killing power. (Slay +1)
You have a small tail.


Message History

2 gnolls come into view.
The gnoll shouts!
The gnoll throws a throwing net.
The throwing net closely misses you.
You see here a throwing net.
The gnoll completely misses you.
The gnoll hits you from afar with a +0 halberd!
You barely miss the gnoll. The gnoll hits you with a +0 spear.
The gnoll closely misses you. The gnoll barely misses you.
You are too injured to fight recklessly!
You are too injured to fight recklessly!
You are too injured to fight recklessly!
You are too injured to fight recklessly!
You are too injured to fight recklessly!
You are too injured to fight recklessly!
You are too injured to fight recklessly!
You are too injured to fight recklessly!
You are too injured to fight recklessly!
You are too injured to fight recklessly!
You are too injured to fight recklessly!
You are too injured to fight recklessly!
You are too injured to fight recklessly!
Unknown command.
The gnoll hits you from afar with a +0 spear.
* * * LOW HITPOINT WARNING * * *
You see here a throwing net.
Okay, then.
Okay, then.
The gnoll attacks as it pursues you! The gnoll hits you with a +0 club.
* * * LOW HITPOINT WARNING * * *
The gnoll attacks as it pursues you! The gnoll barely misses you.
The gnoll attacks as it pursues you! The gnoll barely misses you.
The gnoll attacks as it pursues you! The gnoll hits you with a +0 club.
* * * LOW HITPOINT WARNING * * *
There is a stone staircase leading up here.
You can't go down here!
The gnoll closely misses you.
You climb upwards.
There is a stone staircase leading down here.
The gnoll attacks as it pursues you! The gnoll hits you with a +0 club.
You die...

.........## #.......#.####.###
........## ####.##.#.#.......
##...[#.#### #.####.####.###
.....###...########.####..###.#
.#....#.#..##...............(.#
.....#.##..##.#####.###########
.....####..##.#####.# .##.##
#....>.g.##.#
.##.#####.###.##h##.#
###.##....# #.##.##.#
###.##.#### #.......#
.........# #.......# ####.....#
#.##.##.# #.....# #.##.##.#
#.....# #.##.##.# ####.....##
#.......# ..#.......# #.##.##.#


You could see a gnoll.

Vanquished Creatures
  2 bats (D:1)
  An endoplasm (D:1)
  A giant cockroach (D:1)
  A goblin (D:1)
  A hobgoblin (D:1)
  A quokka (D:2)
  2 ball pythons (D:1)
  A frilled lizard (D:1)
  3 kobolds
  3 rats (D:1)
16 creatures vanquished.

Notes
Turn   | Place    | Note
-------+----------+-------------------------------------------
     0 | D:1      | Gadfly the Demonspawn Shapeshifter began the quest for the
                  | Orb.
     0 | D:1      | Reached XP level 1. HP: 15/15 MP: 1/1
   305 | D:1      | Gained mutation: You have a small tail. [demonic ancestry]
   305 | D:1      | Reached XP level 2. HP: 15/21 MP: 2/2
   829 | D:2      | HP: 1/21 [gnoll/+0 club (4)]
   838 | D:1      | Slain by a gnoll

Illustrated notes

Levels and vault maps discovered:
D:1:      lemuel_arrival_cross, layout_loops_cross, serial_park_tiny_2
D:2:      wad_woods_tower, layout_loops_ring, minmay_small_reverse_x,
          uniq_natasha

Skill      XL: |  1 |
---------------+----+-----
Dodging        | 2 |  2.1
Fighting       | |  1.3
Unarmed Combat | |  2.8
Evocations     | |  0.7
Shapeshifting  | |  2.8

Action                     || total
---------------------------++-------
  Melee: Unarmed           ||    47
         Punch             ||     1
    Use: Scroll            ||     3
 Armour: Animal skin       ||    32
  Dodge: Dodged            ||    40
